 Dungeon Crawl Stone Soup version 0.20.1-1-g8b1a95d (webtiles) character file.

1313 raph the Carver (level 8, 0/62 HPs)
             Began as a Minotaur Gladiator on Sept 27, 2017.
             Was a Believer of Ashenzari.
             Slain by an orc warrior
             ... wielding a +0 glaive
              (25 damage)
             ... on level 6 of the Dungeon.
             The game lasted 00:08:23 (4055 turns).

raph the Carver (Minotaur Gladiator)                Turns: 4055, Time: 00:08:24

Health: 0/62       AC: 11    Str: 20    XL:     8   Next: 32%
Magic:  7/7        EV:  6    Int:  3    God:    Ashenzari [**....]
Gold:   264        SH:  0    Dex: 13    Spells: 7/7 levels left

rFire    . . .     SeeInvis .   a - +0 long sword
rCold    . . .     Gourm    .   (no shield)
rNeg     . . .     Faith    .   k - +0 plate armour
rPois    .         Spirit   .   c - +0 hat
rElec    .         Reflect  .   (no cloak)
rCorr    .         Harm     .   (no gloves)
MR       .....                  l - +0 pair of boots (curse)
Stlth    ..........             (no amulet)
Regen    0.2/turn               i - -2 ring of intelligence (curse)
MPRegen  0.1/turn               (no ring)

@: no status effects
A: retaliatory headbutt, horns 2
a: Curse Item, Scrying, Renounce Religion


You were on level 6 of the Dungeon.
You worshipped Ashenzari.
Ashenzari was pleased with you.
You were not hungry.

You visited 1 branch of the dungeon, and saw 6 of its levels.

You collected 264 gold pieces.

Inventory:

Hand Weapons
 a - a +0 long sword (weapon)
Missiles
 d - 2 throwing nets (quivered)
 j - 2 javelins
Armour
 b - a +0 leather armour
 c - a +0 hat (worn)
 e - a +0 chain mail
 k - a +0 plate armour (worn)
 l - a cursed +0 pair of boots (worn)
 r - a +0 ring mail
Jewellery
 i - a cursed -2 ring of intelligence (left hand)
Wands
 q - a wand of polymorph (16/24)
Scrolls
 s - 3 scrolls of teleportation
 t - 2 scrolls of amnesia
 v - 2 scrolls of identify
Potions
 n - a potion of haste
 o - a potion of mutation
 u - a potion of lignification
 w - a potion of curing
Books
 g - a book of Necromancy

   Spells                             Type                      Level
   a - Pain                           Necromancy                   1
   b - Animate Skeleton               Necromancy                   1
   c - Vampiric Draining              Necromancy                   3
   d - Regeneration                   Charms/Necromancy            3
   e - Animate Dead                   Necromancy                   4
   f - Control Undead                 Necromancy                   4
Comestibles
 f - 3 bread rations
 h - 6 chunks of flesh
 x - a royal jelly


   Skills:
 - Level 2.4 Fighting
 * Level 12.3 Long Blades
 - Level 2.0 Throwing
 - Level 3.2 Dodging


You had 7 spell levels left.
You didn't know any spells.

Dungeon Overview and Level Annotations

Branches:
Dungeon (6/15)             Temple (0/1) D:4

Altars:
Ashenzari
Cheibriados
Elyvilon
Kikubaaqudgha
Makhleb
Trog
Uskayaw
Vehumet
Yredelemnul
Zin


Innate Abilities, Weirdness & Mutations

You reflexively headbutt those who attack you in melee.
You have a pair of horns on your head.


Message History

The orc warrior is severely wounded.
You closely miss the orc warrior.
The orc warrior is severely wounded.
The orc hits you but does no damage. The orc warrior hits you with a glaive!
You closely miss the orc warrior.
The orc warrior is severely wounded.
The orc hits you but does no damage.
You hit the orc warrior.
The orc warrior is severely wounded.
The orc warrior hits you with a glaive! The orc completely misses you.
You are too injured to fight recklessly!
You are too injured to fight recklessly!
You are too injured to fight recklessly!
You are too injured to fight recklessly!
You are too injured to fight recklessly!
You are too injured to fight recklessly!
You are too injured to fight recklessly!
You are too injured to fight recklessly!
The orc warrior hits you from afar with a glaive!!
You die...

, ,##.. #...#
,..... #...#### *
,*.....###...#..,
,, *
...........#.# *
* * *
,.#.....#...#.###
, , ,
#....#.#.......
,* * #.......#.#*
#* * *
,,#.<...)@##.##.#
* #.#.###o.oo...#
,
,,#.#.#*#.##o####
* * #.#......,,..
, ,
#.#..##.##**## ,
,......#.#
,........# ** ,
.?....### ,* ,, *


You could see an orc warrior, an orc wizard and 2 orcs.

Vanquished Creatures
  Grinder (D:4)
  A sky beast (D:5)
  A phantom (D:5)
  An ice beast (D:5)
  A centaur (D:5)
  An ogre (D:4)
  Blork the orc (D:4)
  A scorpion (D:5)
  A vampire bat (D:5)
  A centaur zombie (D:3)
  A hound (D:4)
  A quasit (D:5)
  2 orc priests (D:5)
  An orc wizard (D:4)
  2 iguanas (D:4)
  5 worker ants
  A hound skeleton (D:5)
  3 adders
  A shadow imp (D:5)
  An ooze (D:3)
  An adder skeleton (D:4)
  A worm (D:3)
  2 dart slugs (D:1)
  12 orcs
  5 giant cockroaches
  7 goblins
  8 hobgoblins
  4 jackals (D:2)
  2 quokkas
  4 ball pythons
  15 bats
  3 frilled lizards
  A jackal zombie (D:5)
  13 kobolds
  A leopard gecko skeleton (D:4)
  11 rats
118 creatures vanquished.

Notes
Turn   | Place    | Note
-------+----------+-------------------------------------------
     0 | D:1      | raph the Minotaur Gladiator began the quest for the Orb.
     0 | D:1      | Reached XP level 1. HP: 18/18 MP: 0/0
    36 | D:1      | Reached skill level 4 in Long Blades
    79 | D:1      | Reached XP level 2. HP: 22/25 MP: 1/1
   175 | D:1      | Reached skill level 5 in Long Blades
   357 | D:1      | Reached XP level 3. HP: 29/30 MP: 2/2
   626 | D:2      | Found a faded altar of an unknown god.
   628 | D:2      | Became a worshipper of Ashenzari the Shackled
   628 | D:2      | Reached * piety under Ashenzari
   978 | D:2      | Found an ancient bone altar of Kikubaaqudgha.
   984 | D:2      | Found a burning altar of Makhleb.
  1144 | D:3      | Found a basalt altar of Yredelemnul.
  1144 | D:3      | Found a radiant altar of Vehumet.
  1144 | D:3      | Found a glowing silver altar of Zin.
  1147 | D:3      | Found a snail-covered altar of Cheibriados.
  1194 | D:3      | Reached XP level 4. HP: 35/37 MP: 3/3
  1206 | D:3      | Reached skill level 6 in Long Blades
  1314 | D:3      | Found a white marble altar of Elyvilon.
  1870 | D:4      | Noticed Grinder
  1873 | D:4      | Reached XP level 5. HP: 34/42 MP: 4/4
  1873 | D:4      | Paralysed by Grinder for 2 turns
  1879 | D:4      | Reached skill level 7 in Long Blades
  2057 | D:4      | Noticed Blork the orc
  2065 | D:4      | Killed Blork the orc
  2120 | D:4      | Found a staircase to the Ecumenical Temple.
  2123 | D:4      | Reached skill level 8 in Long Blades
  2123 | D:4      | Reached XP level 6. HP: 50/50 MP: 5/5
  2262 | D:4      | Reached skill level 9 in Long Blades
  2418 | D:4      | Paralysed by Grinder for 7 turns
  2431 | D:4      | Killed Grinder
  2431 | D:4      | Reached skill level 10 in Long Blades
  2431 | D:4      | Reached XP level 7. HP: 27/56 MP: 6/6
  2662 | D:5      | Entered Level 5 of the Dungeon
  2662 | D:5      | Reached ** piety under Ashenzari
  2843 | D:5      | Found a hide-covered altar of Uskayaw.
  2873 | D:5      | Found a bloodstained altar of Trog.
  2899 | D:5      | Reached skill level 11 in Long Blades
  3155 | D:5      | Reached XP level 8. HP: 51/62 MP: 7/7
  3720 | D:5      | Reached skill level 12 in Long Blades
  4055 | D:6      | Slain by an orc warrior

Skill      XL: |  1  2  3  4  5  6  7  8 |
---------------+-------------------------+-----
Long Blades    | 4 5 6 8 10 11 12 | 12.3
Fighting       | |  2.4
Throwing       | |  2.0
Dodging        | |  3.2

Action                   |  1- 3 |  4- 6 |  7- 9 || total
-------------------------+-------+-------+-------++-------
Melee: Long sword        |    75 |    88 |   100 ||   263
       Headbutt          |     7 |    19 |    19 ||    45
Throw: Throwing net      |       |     1 |       ||     1
  Use: Scroll            |       |       |    12 ||    12
       Potion            |       |       |     1 ||     1
  Eat: Chunk             |     1 |     2 |     5 ||     8
       Royal jelly       |       |     1 |       ||     1
Armor: Leather armour    |    23 |       |       ||    23
       Ring mail         |     9 |    26 |    20 ||    55
       Plate armour      |       |       |    40 ||    40
Dodge: Dodged            |    59 |    50 |    54 ||   163
       Rpst.: Long sword |    16 |    15 |    15 ||    46
